 Dungeon Crawl Stone Soup version 0.26.0-15-gc6cd9f700b (webtiles) character file.

Game seed: 17475411225930537545

251 Acheron the Caller (level 5, 0/46 HPs)
             Began as a Troll Summoner on Jan 16, 2021.
             Slain by an orc wizard
             ... wielding a +0 dagger
              (3 damage)
             ... on level 4 of the Dungeon.
             The game lasted 00:10:20 (2464 turns).

Acheron the Caller (Troll Summoner)                 Turns: 2464, Time: 00:10:21

Health: 0/46       AC:  7    Str: 16    XL:     5   Next: 88%
Magic:  6/6        EV: 10    Int: 11    God:
Gold:   166        SH:  0    Dex: 11    Spells: 4/7 levels left

rFire    + . .     SeeInvis .     - Unarmed
rCold    + . .     Faith    .   (no shield)
rNeg     . . .     Spirit   .   a - +1 robe
rPois    +         Reflect  .   (helmet restricted)
rElec    +         Harm     .   (no cloak)
rCorr    +         Rampage  .   (gloves unavailable)
Will     .....                  (boots unavailable)
Stlth    ++........             (no amulet)
HPRegen  0.55/turn              (no ring)
MPRegen  0.10/turn              (no ring)

@: resistant, slowed, very slow
A: large, unfitting armour, claws 3, regeneration 1, shaggy fur 1, tough skin 3
a: no special abilities


You were on level 4 of the Dungeon.
You visited 1 branch of the dungeon, and saw 4 of its levels.

You collected 166 gold pieces.

Inventory:

Hand Weapons
 d - a +2 short sword of draining
 l - a +2 dagger of speed
Missiles
 c - 31 stones
 g - 6 poisoned darts (quivered)
 n - 7 boomerangs
Armour
 a - a +1 robe (worn)
Jewellery
 f - an uncursed ring of see invisible {unknown}
Scrolls
 b - 3 scrolls of immolation
 e - 4 scrolls of amnesia
 j - a scroll of identify
 o - 4 scrolls of remove curse
Potions
 p - a potion of magic
 r - a potion of resistance


   Skills:
 * Level 0.6 Fighting
 * Level 0.1 Throwing
 * Level 2.4 Dodging
 * Level 1.3 Stealth
 * Level 3.3 Unarmed Combat
 * Level 1.8 Spellcasting
 * Level 3.6 Summonings


You had 4 spell levels left.
You knew the following spells:

 Your Spells              Type           Power        Failure   Level
a - Summon Small Mammal   Summ           32%          7%          1
b - Call Imp              Summ           8%           10%         2

Your spell library contained the following spells:

 Spells                   Type           Power        Failure   Level
 Call Canine Familiar     Summ           8%           21%         3
 Summon Guardian Golem    Hex/Summ       4%           38%         3
 Summon Ice Beast         Ice/Summ       4%           80%         4
 Summon Lightning Spire   Summ/Air       4%           80%         4


Dungeon Overview and Level Annotations

Branches:
Dungeon (4/15)
 Temple: D:4-7

Altars:
Cheibriados
Trog
Uskayaw
The Shining One


Innate Abilities, Weirdness & Mutations

You are too large for most types of armour.
You have claws for hands.
Your natural rate of healing is unusually fast.
You are covered in fur. (AC +1)
You have extremely tough skin. (AC +3)


Message History

You claw something!
The orc wizard gestures wildly while chanting.
The orc wizard blinks!
You closely miss the orc. The orc hits you with a +0 club.
* * * LOW HITPOINT WARNING * * *
You hear some strange, mumbled words.
A puff of flame appears from out of thin air!
The puff of flame hits you.
* * * LOW HITPOINT WARNING * * *
Okay, then.
You feel protected. Something hits you.
* * * LOW HITPOINT WARNING * * *
The orc hits you but does no damage. Something hits you but does no damage.
The orc hits you but does no damage.
You miss something.
The orc wizard gestures wildly while chanting.
The orc wizard blinks!
Something hits you but does no damage. The orc closely misses you.
Something hits you.
You die...

,,,*,,,,*,,,#.....#
+***,,,,*#+##.....#
,*,,,,,,..........#
,*,,,,,,..........#
,*,,,,,..o........#
,+,,,,,......ยง....#
,*,,,,,...........#
+*,,,,,...........#
,,,,****##+##...@)#
,,,,*,,,,,,,#...o{#
,,,,*,,,,,,,+.....#
*,,,*,,,,,,,#.....#
*,,,*+******#.....#
*+*,,,,,*,,,#.....#
,,*,,,,,*,,,#.....#
*,*,,,,,*,,,+.....#
*+*,,,,,*,,,#.....#


You could see an orc wizard and an orc.

Vanquished Creatures
  A hound (D:2)
  Natasha (twice) (D:3)
  An orc wizard (D:4)
  4 adders
  3 gnolls (D:4)
  3 worms
  A dart slug (D:1)
  4 leopard geckos
  An orc (D:3)
  3 giant cockroaches (D:3)
  13 goblins
  3 hobgoblins
  4 jackals (D:3)
  2 ball pythons (D:2)
  7 bats
  5 frilled lizards
  9 kobolds
  9 rats
75 creatures vanquished.

Vanquished Creatures (collateral kills)
  A leopard gecko (D:4)
1 creature vanquished.

Grand Total: 76 creatures vanquished

Notes
Turn   | Place    | Note
-------+----------+-------------------------------------------
     0 | D:1      | Acheron the Troll Summoner began the quest for the Orb.
     0 | D:1      | Reached XP level 1. HP: 16/16 MP: 1/1
   255 | D:1      | Reached XP level 2. HP: 14/24 MP: 3/3
   541 | D:3      | Noticed Natasha
   605 | D:2      | Reached XP level 3. HP: 22/31 MP: 4/4
   676 | D:2      | Reached skill level 1 in Unarmed Combat
  1016 | D:2      | Reached XP level 4. HP: 12/39 MP: 5/5
  1316 | D:3      | Killed Natasha
  1389 | D:3      | Noticed Natasha
  1403 | D:3      | Killed Natasha
  1404 | D:3      | Reached XP level 5. HP: 31/46 MP: 6/6
  1617 | D:3      | Learned a level 2 spell: Call Imp
  1825 | D:3      | Found a glowing golden altar of the Shining One.
  1990 | D:3      | Found a hide-covered altar of Uskayaw.
  1990 | D:3      | Found a snail-covered altar of Cheibriados.
  2001 | D:3      | Found a bloodstained altar of Trog.
  2464 | D:4      | Slain by an orc wizard

Illustrated notes

Levels and vault maps discovered:
D:1:      eino_arrival_water_cross, layout_rooms, hex_intersection
D:2:      layout_rooms, minmay_divided_ellipse
D:3:      layout_basic, nicolae_overflow_hidden_temple,
          chequers_temple_overflow_statue_of_worship, uniq_natasha
D:4:      layout_gridville, lemuel_doored_altar, serial_shops,
          nicolae_shop_statue_plus, led_sif_pool

Skill      XL: |  1  2  3  4  5 |
---------------+----------------+-----
Summonings     | 3 |  3.6
Unarmed Combat | 2 3 |  3.3
Dodging        | 2 |  2.4
Fighting       | |  0.6
Throwing       | |  0.1
Stealth        | |  1.3
Spellcasting   | |  1.8

Action                   |  1- 3 |  4- 6 || total
-------------------------+-------+-------++-------
Melee: Unarmed           |   142 |   165 ||   307
 Cast: Summon Small Mamm |     1 |     2 ||     3
       Call Imp          |       |     5 ||     5
  Use: Scroll            |       |    15 ||    15
       Potion            |       |     2 ||     2
 Stab: Sleeping          |       |     1 ||     1
Armor: Robe              |    61 |    97 ||   158
Dodge: Dodged            |    88 |    98 ||   186
